[Event "*** Titled Tuesday Blitz"]
[Site "Chess.com"]
[Date "2020.04.28"]
[Round "7"]
[White "kingofthenil"]
[Black "Batsai"]
[Result "0-1"]
[WhiteElo "2453"]
[BlackElo "2271"]
[TimeControl "180+1"]
[EndTime "11:18:50 PDT"]
[Termination "Batsai won on time"]

1. d4 Nf6 2. c4 e6 3. Nc3 d5 4. Nf3 dxc4 5. e3 a6 6. a4 c5 7.
Bxc4 Nc6 8. O-O Qc7 9. Qe2 Be7 10. dxc5 O-O 11. e4 Ng4 12. Rd1 Bxc5 13. Be3 Bxe3 14. fxe3 Nce5 15. Bb3 Qb6 16. Nd4 Bd7 17. h3 Nf6 18. a5 Qc7 19. Nf3 Bc6 20. Rd4 Rad8 21.
Nd2 Ng6 22. Nc4 Ne5 23. Nb6 Nfd7 24. Nxd7 Rxd7 25. Qd2 Rfd8 26. Na4 Bb5 27. Rc1 Qb8 28. Nb6 Rxd4 29. exd4 Nc6 30. d5 exd5 31. Bxd5 Ne5 32.
Qf4 Bc6 33. Bxc6 bxc6 34. Rf1 f6 35. Qf5 Qd6 36. Kh1 Rf8 37. Qf2 Qb4 38. Qe2 h6 39. Qxa6 Kh7 40. Qb7 Qxb2 41. Qc7 Rd8 0-1

[Event "*** Titled Tuesday Blitz"]
[Site "Chess.com"]
[Date "2020.04.28"]
[Round "7"]
[White "GmSergioBarrientos"]
[Black "2nd_life"]
[Result "0-1"]
[WhiteElo "2568"]
[BlackElo "2429"]
[TimeControl "180+1"]
[EndTime "11:18:51 PDT"]
[Termination "2nd_life won by resignation"]

1. d4 Nf6 2. Nf3 g6 3. g3 Bg7 4. Bg2 O-O 5. O-O d6 6. a4 a5 7.
Nc3 d5 8. Ne5 c6 9. e4 dxe4 10.
Nxe4 Nxe4 11. Bxe4 Bh3 12. Re1 Nd7 13. f4 Nxe5 14.
fxe5 f6 15. exf6 exf6 16. c3 Re8 17. Bd2 Re7 18. Qb3+ Be6 19. Qc2 Qd7 20. Bg2 Rae8 21. Qd3 Bd5 22. Rxe7 Rxe7 23. c4 Bxg2 24. Kxg2 f5 25.
Bc3 f4 26. Rf1 fxg3 27. hxg3 Qg4 28. Rf2 h5 29. Qf3 Qe6 30. d5 cxd5 31. Bxg7 Kxg7 32. cxd5 Qe4 33. Rd2 Qxf3+ 34. Kxf3 Kf6 35. Rc2 Ke5 36. Rc5 b6 37. Rc6 Kxd5 38. Rxg6 Kc5 39. Rh6 Kb4 40. Rxb6+ Kxa4 41. Rh6 Re5 42. Kf4 Rb5 43. Rh8 Kb3 44. g4 hxg4 45. Kxg4 Kxb2 46. Kf3 a4 47. Ke2 a3 48.
Kd3 a2 49. Rh2+ Ka3 0-1

[Event "*** Titled Tuesday Blitz"]
[Site "Chess.com"]
[Date "2020.04.28"]
[Round "7"]
[White "MusicCityMaster"]
[Black "GMMatamoros"]
[Result "1-0"]
[WhiteElo "2294"]
[BlackElo "2517"]
[TimeControl "180+1"]
[EndTime "11:18:52 PDT"]
[Termination "MusicCityMaster won on time"]

1. d4 Nf6 2. c4 c5 3. d5 b5 4. cxb5 a6 5. bxa6 Bxa6 6. Nc3 d6 7. f4 g6 8. Nf3 Qa5 9. Nd2 Bg7 10. e4 O-O 11.
Bxa6 Qxa6 12. Qe2 Nbd7 13. Nc4 Ne8 14. a4 Nc7 15. Ra3 Rfb8 16. O-O Nb6 17. Nxb6 Qxe2 18. Nxe2 Rxb6 19. b3 Rab8 20. Rf3 f5 21. a5 Ra6 22.
exf5 Nb5 23. Ra4 Nd4 24. Nxd4 Bxd4+ 25. Kf1 gxf5 26. Bd2 Kf7 27. Ke2 Bf6 28. h3 h5 29.
g3 e6 30. dxe6+ Kxe6 31. Re3+ Kd5 32. Rd3+ Kc6 33. Re3 Kd7 34. Rd3 Rb5 35. Kf3 Ke6 36. g4 hxg4+ 37. hxg4 Rb8 38. g5 Bd4 39. Be3 Bg7 40. Bf2 Rh8 41. Re3+ Kf7 42. Re2 Rh1 43. Raa2 Rb1 44. Ra3 1-0

[Event "*** Titled Tuesday Blitz"]
[Site "Chess.com"]
[Date "2020.04.28"]
[Round "7"]
[White "vugarrasulov"]
[Black "Grischuk"]
[Result "0-1"]
[WhiteElo "2768"]
[BlackElo "3112"]
[TimeControl "180+1"]
[EndTime "11:18:53 PDT"]
[Termination "Grischuk won by resignation"]

1. e4 c5 2. Nf3 d6 3. d4 cxd4 4.
Nxd4 Nf6 5. Nc3 a6 6. Be3 e6 7. g4 h6 8. h3 b5 9. a3 Bb7 10. Bg2 Nbd7 11. Qe2 Rc8 12. O-O g5 13. Rad1 Ne5 14. f4 gxf4 15. Bxf4 Nfd7 16. Kh1 h5 17. g5 Ng6 18. Qf2 Nxf4 19. Qxf4 Qe7 20. Qf2 Ne5 21. Qg3 h4 22. Qf4 Bg7 23. Nd5 exd5 24. Nf5 Qf8 25.
exd5 Rxc2 26. Rfe1 Kd8 27. Qd4 Kc7 28. Rc1 Rxc1 29.
Rxc1+ Kb8 30. Qb6 Nc4 31. Qf2 Nxb2 32. Nd4 Bxd4 33. Qxd4 Na4 34. Qf6 Rg8 35. Be4 Qd8 36. Qxf7 Rxg5 37. Qf4 Re5 38. Bg2 Qe7 39. Rf1 Re1 0-1

[Event "*** Titled Tuesday Blitz"]
[Site "Chess.com"]
[Date "2020.04.28"]
[Round "7"]
[White "noblerone"]
[Black "BaMBoMaTTo"]
[Result "0-1"]
[WhiteElo "2444"]
[BlackElo "2637"]
[TimeControl "180+1"]
[EndTime "11:18:53 PDT"]
[Termination "BaMBoMaTTo won on time"]

1. d4 Nf6 2. Nf3 e6 3. Bg5 c5 4. e3 cxd4 5. exd4 b6 6. Nbd2 Bb7 7. Bd3 Be7 8. O-O O-O 9. a4 a6 10. Re1 d6 11. Qe2 Nc6 12. c3 Re8 13. Nf1 Nd5 14. Bxe7 Rxe7 15. Bc2 g6 16. Ng3 Qf8 17. h4 Qh6 18. Rad1 e5 19. dxe5 Nf4 20. Qd2 Nxe5 21. Nxe5 dxe5 22. Be4 Bxe4 23. Nxe4 f5 24. Nd6 Qxh4 25.
g3 Qg4 26. Qe3 Rf8 27. Nc4 Nh3+ 28. Kg2 f4 29. Qf3 Qxf3+ 30. Kxf3 fxg3+ 31. Kxg3 Nf4 32. Rxe5 Ref7 33. Re3 Nh5+ 34. Kg4 Rxf2 35. Rd7 R2f4+ 36.
Kh3 Rxc4 37. Ree7 Nf6 38. Ra7 Rxa4 39. Rg7+ Kh8 40. Rgb7 b5 0-1

[Event "*** Titled Tuesday Blitz"]
[Site "Chess.com"]
[Date "2020.04.28"]
[Round "7"]
[White "stasiek18"]
[Black "JulAnt"]
[Result "0-1"]
[WhiteElo "2338"]
[BlackElo "2511"]
[TimeControl "180+1"]
[EndTime "11:18:53 PDT"]
[Termination "JulAnt won on time"]

1. d4 Nf6 2. Bg5 e6 3. Nd2 d5 4. e3 Be7 5. Bd3 O-O 6. f4 c5 7.
c3 c4 8. Bc2 b5 9. Ngf3 a5 10.
O-O b4 11. Ne5 Bb7 12. Qf3 Nbd7 13. Qh3 Ne4 14. Bxe4 dxe4 15. Bxe7 Qxe7 16. Ndxc4 bxc3 17. bxc3 Nxe5 18. fxe5 Rac8 19. Nd6 Rxc3 20. Rab1 Bd5 21. Rb2 Qd7 22. Rbf2 Qc6 23. Qg3 Rc1 24. h4 Rxf1+ 25.
Rxf1 Bxa2 26. h5 h6 27. Qf4 Qd7 28. Nxe4 Bd5 29. Nc5 Qa7 30. g4 Qe7 31. Ra1 Ra8 32. Kf2 Qe8 33. g5 hxg5 34. Qxg5 Qb5 35. h6 Qb2+ 36. Kg3 Qg2+ 37. Kh4 Qh2+ 38. Kg4 Qg2+ 39. Kh4 Qh2+ 40. Kg4 g6 41. Rb1 Kh7 42. Rb7 Rf8 0-1

[Event "*** Titled Tuesday Blitz"]
[Site "Chess.com"]
[Date "2020.04.28"]
[Round "7"]
[White "manmanlai1"]
[Black "tomsishere"]
[Result "1-0"]
[WhiteElo "2309"]
[BlackElo "2409"]
[TimeControl "180+1"]
[EndTime "11:18:53 PDT"]
[Termination "manmanlai1 won on time"]

1. e4 c6 2. d4 d5 3. exd5 cxd5 4. Bd3 Nf6 5. Bf4 e6 6. c3 Be7 7. Nd2 O-O 8. Ngf3 Nc6 9. O-O Bd6 10. Bxd6 Qxd6 11. Qe2 a6 12. Rae1 b5 13. a3 Na5 14.
Ne5 Nc4 15. Ndf3 h6 16. Nh4 Qe7 17. Bb1 Bb7 18. Nd3 Ne4 19. Nf3 f6 20. Nf4 Qf7 21.
Rd1 Rae8 22. Nd3 Qc7 23. Nh4 Qf7 24. f3 Qh5 25. g3 g5 26. Ng2 Ned6 27. Nc5 Bc8 28. Qc2 Qf7 29. Qc1 Kh8 30. b3 Nb6 31. f4 g4 32. f5 exf5 33. Qxh6+ Qh7 34. Qf4 Ne4 35. Nh4 Nxc3 36. Rde1 Ne2+ 37. Rxe2 Rxe2 38. Qd6 Ree8 39. Qxb6 Qh5 40. Qd6 f4 41. Qxf4 f5 42. Bd3 a5 43. b4 axb4 44. axb4 Re7 45. Bxb5 Rh7 46. Bc6 Rg7 47. Qe5 1-0

[Event "*** Titled Tuesday Blitz"]
[Site "Chess.com"]
[Date "2020.04.28"]
[Round "7"]
[White "Jbd735"]
[Black "ntmh281"]
[Result "1-0"]
[WhiteElo "2415"]
[BlackElo "2262"]
[TimeControl "180+1"]
[EndTime "11:18:53 PDT"]
[Termination "Jbd735 won on time"]

1. e4 e6 2. d4 d5 3. Nd2 Be7 4. e5 c5 5. c3 Nc6 6. Ngf3 Nh6 7. Bd3 Qb6 8. dxc5 Bxc5 9. O-O Ng4 10. Qe2 Qc7 11. Nb3 Bb6 12. Bf4 f6 13. Bb5 Bd7 14. Bxc6 bxc6 15. Bg3 f5 16. Bf4 O-O 17. h3 Nh6 18.
Bxh6 gxh6 19. Nc1 c5 20. Nd3 Bb5 21. Qd2 Qg7 22. a4 Bc4 23. a5 Bc7 24. Rfe1 Rac8 25.
Nf4 Rfe8 26. Ra3 Kh8 27. b3 Bb5 28. Qe3 Bb8 29. Kh1 Re7 30. Ra2 Rg8 31. g3 Rc8 32. Nh5 Qg6 33. Nf4 Qg7 34. Kh2 Qf7 35. Nh4 Be8 36.
Qf3 Rb7 37. Rb2 Bc7 38. Qe3 Bxa5 39. Ra1 Bd8 40. Nf3 c4 41. b4 a5 42. Nd4 axb4 43.
Ndxe6 b3 44. Nd4 Be7 45. e6 Qf6 46. Nh5 1-0

[Event "*** Titled Tuesday Blitz"]
[Site "Chess.com"]
[Date "2020.04.28"]
[Round "7"]
[White "BelaKis"]
[Black "Kosche007"]
[Result "0-1"]
[WhiteElo "2052"]
[BlackElo "2306"]
[TimeControl "180+1"]
[EndTime "11:18:53 PDT"]
[Termination "Kosche007 won by checkmate"]

1. Nf3 Nf6 2. g3 g6 3. Bg2 Bg7 4. O-O O-O 5. d3 d6 6. c4 Nc6 7. Nc3 Nh5 8. Rb1 f5 9. b4 Bxc3 10.
b5 Ne5 11. Ne1 Nf7 12. d4 e5 13. e3 Qf6 14. Nf3 e4 15. Nd2 Bxd2 16. Qxd2 Be6 17. d5 Bd7 18. Bb2 Ne5 19. f4 exf3 20.
Bxf3 Qg5 21. Qd4 b6 22. Bg2 a5 23. Rbe1 Rae8 24. Bc1 Qe7 25. Bb2 Nf6 26. Re2 Rf7 27. h3 Ref8 28. Kh2 Bc8 29. Rfe1 Nfd7 30. Rf2 Nc5 31.
Rfe2 Ncd3 32. Rd1 Nxb2 33. Qxb2 Qg5 34. Qd4 Qh5 35. Rde1 Re8 36. Rd2 Rfe7 37. Rde2 Nf3+ 38. Bxf3 Qxf3 39. Qh4 Qe4 40. Qf6 Rf7 41. Qg5 Kg7 42. Rc1 Rfe7 43. h4 h6 44. Qf4 Qxf4 45. gxf4 Rxe3 46.
Rxe3 Rxe3 47. Rc2 Kf6 48. Kg2 Bd7 49. Kh2 Re4 50. Kg3 Re3+ 51. Kg2 g5 52. hxg5+ hxg5 53. fxg5+ Kxg5 54. Kf2 f4 55. Rc1 Bg4 56. Rh1 Re2+ 57. Kf1 Rxa2 58. Rh7 f3 59. Rxc7 Bh3+ 60. Kg1 f2+ 61.
Kh2 f1=Q+ 62. Kg3 Qg2# 0-1

[Event "*** Titled Tuesday Blitz"]
[Site "Chess.com"]
[Date "2020.04.28"]
[Round "7"]
[White "LuisFSiles"]
[Black "GM4life"]
[Result "1-0"]
[WhiteElo "2293"]
[BlackElo "2169"]
[TimeControl "180+1"]
[EndTime "11:18:53 PDT"]
[Termination "LuisFSiles won on time"]

1. d4 Nf6 2. c4 e6 3. Nf3 d5 4. Nc3 Bb4 5. Bg5 h6 6. Bxf6 Qxf6 7.
Qa4+ Nc6 8. cxd5 exd5 9. e3 O-O 10. Be2 Qg6 11. Kf1 Be6 12. Ne5 Nxe5 13. Qxb4 Ng4 14. h3 Nf6 15. Kg1 h5 16. Kh2 h4 17. b3 Qf5 18. Rhf1 b6 19. Rac1 Rac8 20. Nb5 a5 21.
Qe1 c5 22. Nd6 Qg5 23. Nxc8 Rxc8 24. dxc5 bxc5 25. Qxa5 Ne4 26. Bd3 Qe5+ 27. Kg1 c4 28.
Bxe4 Qxe4 29. bxc4 dxc4 30. Qg5 f6 31. Qf4 Qd3 32. Rfd1 Qe2 33. Qxh4 c3 34. Qd4 c2 35. Re1 Qa6 36. Qe4 Qxa2 37. Kh2 Bd5 38. Qg4 Rc7 39. e4 Be6 40. Qf4 Rc3 41. Qb8+ Kh7 42. Qf4 Qc4 43. f3 Kg8 44. Qd2 Bf7 45. Re2 1-0

[Event "*** Titled Tuesday Blitz"]
[Site "Chess.com"]
[Date "2020.04.28"]
[Round "7"]
[White "sergiochess83"]
[Black "mirceaparligras"]
[Result "1/2-1/2"]
[WhiteElo "2820"]
[BlackElo "2674"]
[TimeControl "180+1"]
[EndTime "11:18:54 PDT"]
[Termination "Game drawn by repetition"]

1. e4 c5 2. Nf3 d6 3. d4 cxd4 4. Nxd4 Nf6 5. Nc3 a6 6. a4 e5 7.
Nf3 Be7 8. Bc4 Be6 9. Bb3 O-O 10.
O-O Bxb3 11. cxb3 Nc6 12. Bg5 Nd7 13. Bxe7 Qxe7 14. Nd5 Qd8 15. b4 Nf6 16. b5 axb5 17. axb5 Rxa1 18. Qxa1 Nd4 19. Nxf6+ Qxf6 20. Nxd4 exd4 21.
Qa7 Qe7 22. Qxd4 Rc8 23. Rd1 Qe5 24. Qxe5 dxe5 25. h4 Kf8 26. Rd7 Rc2 27. Rxb7 Rxb2 28. b6 h5 29. g3 g6 30. Rb8+ Kg7 31. b7 Kf6 32. Kf1 Kg7 33. Ke1 Kf6 34. Kd1 Kg7 35.
Kc1 Rb6 36. Kc2 Rb5 37. Kc3 Rb6 38. Kc4 Rb1 39. Kc5 Kf6 40. Kc6 Rc1+ 41. Kd7 Rb1 42. Ke8 Kg7 43. Ke7 Rb2 44. Kd6 Kf6 45.
f4 exf4 46. gxf4 Rd2+ 47. Kc5 Rc2+ 48. Kd4 Rb2 49. e5+ Kg7 50. Kc5 Rb1 51. Kd5 Rb2 52. Kc4 Rb1 53. Kd3 Rb3+ 54. Ke4 Rb1 55. Kd5 Rd1+ 56.
Kc6 Rc1+ 57. Kd7 Rb1 58. Ke7 Rb2 59. e6 fxe6 60. Kxe6 Rb1 61. Kd6 Rd1+ 62. Ke5 Re1+ 63. Kd5 Rd1+ 64. Kc5 Rc1+ 65. Kd6 Rd1+ 66. Kc6 Rc1+ 67.
Kd5 Rd1+ 68. Ke5 Re1+ 69. Kd6 Rd1+ 1/2-1/2

[Event "*** Titled Tuesday Blitz"]
[Site "Chess.com"]
[Date "2020.04.28"]
[Round "7"]
[White "tylityli"]
[Black "Nikolaj_6"]
[Result "0-1"]
[WhiteElo "2334"]
[BlackElo "2621"]
[TimeControl "180+1"]
[EndTime "11:18:54 PDT"]
[Termination "Nikolaj_6 won on time"]

1. e4 c5 2. Nf3 d6 3. d4 cxd4 4. Nxd4 Nf6 5. Nc3 a6 6. Be2 e5 7. Nb3 Be7 8. Be3 Be6 9. O-O O-O 10. a4 a5 11. Nd5 Bxd5 12. exd5 b6 13. c4 Nbd7 14. f3 Nc5 15. Nxc5 bxc5 16. b3 Nd7 17. Qc2 Bg5 18. Bf2 g6 19. g3 f5 20. Bd3 Rb8 21.
Rab1 Bh6 22. Kg2 Qf6 23. Be1 Ra8 24. Bc3 Qd8 25. Qe2 Bg7 26. g4 e4 27. Bxg7 Kxg7 28.
fxe4 f4 29. Rf2 Ne5 30. Qd1 f3+ 31. Kg3 h5 32. h4 hxg4 33. Qd2 Rh8 34. Rh1 Rh5 35.
Rfh2 Qf6 36. Bf1 Rf8 37. Qe3 Rfh8 38. Qd2 R8h6 39. Qxa5 g5 40. Qc7+ Nf7 41. hxg5 Qe5+ 42.
Kxg4 Qxg5+ 43. Kxf3 Rxh2 44. Rxh2 Rxh2 45. Qd7 Qf6+ 46.
Qf5 Qxf5+ 47. exf5 Kf6 48. Be2 Rh3+ 49. Ke4 Rxb3 50.
Bd1 Ng5+ 51. Kf4 Ra3 52. Kg4 Rc3 53. Be2 Rc2 54. Bd1 Rg2+ 55. Kf4 Rd2 56. Bb3 Rd3 57. Ba2 Ra3 58. Bb1 Rxa4 59. Bd3 Ra3 60. Be2 Nf7 61.
Bf1 Ne5 0-1

[Event "*** Titled Tuesday Blitz"]
[Site "Chess.com"]
[Date "2020.04.28"]
[Round "7"]
[White "freshfoodcompany"]
[Black "APOKALIPSA13"]
[Result "1-0"]
[WhiteElo "2218"]
[BlackElo "2290"]
[TimeControl "180+1"]
[EndTime "11:18:54 PDT"]
[Termination "freshfoodcompany won on time"]

1. d4 Nf6 2. c4 e6 3. Nc3 d5 4. cxd5 exd5 5. Bg5 c6 6. e3 Be7 7. Bd3 O-O 8. Nge2 Be6 9. O-O Nbd7 10. Qc2 h6 11. Bh4 Rc8 12. f3 c5 13. dxc5 Nxc5 14. Nd4 a6 15. Bf5 b5 16. Bxe6 Nxe6 17. Nxe6 fxe6 18.
Qg6 Qb6 19. Bf2 Bc5 20. Rfe1 Nd7 21. Rad1 Ne5 22. Qb1 Nc4 23. Re2 Nxe3 24. Rde1 d4 25. Ne4 Nf5 26. Nxc5 Qxc5 27. Rxe6 Qc2 28. Qxc2 Rxc2 29.
R6e2 Rfc8 30. Kf1 d3 31. Rxc2 Rxc2 32. Rd1 Rxb2 33. Rxd3 Rxa2 34. g4 Ne7 35. Bc5 Nc6 36. Bd6 b4 37. Rb3 a5 38. Re3 Rd2 39. Re8+ Kf7 40.
Rf8+ Kg6 41. Bf4 Nd4 42. Bxd2 b3 43. Bxa5 b2 44. Rb8 b1=Q+ 45. Rxb1 Nxf3 46. Kg2 Ne5 47. Rb6+ Kg5 48. Kg3 1-0

[Event "*** Titled Tuesday Blitz"]
[Site "Chess.com"]
[Date "2020.04.28"]
[Round "7"]
[White "Olga_Zhuravleva"]
[Black "gurelediz"]
[Result "1-0"]
[WhiteElo "2276"]
[BlackElo "2593"]
[TimeControl "180+1"]
[EndTime "11:18:55 PDT"]
[Termination "Olga_Zhuravleva won by resignation"]

1. e4 c5 2. Nf3 e6 3. d4 cxd4 4. Nxd4 Nc6 5. Nc3 Qc7 6. f4 a6 7. Nxc6 dxc6 8. Qf3 Nf6 9. Bd3 Bc5 10. Bd2 b5 11. e5 Nd5 12. Ne4 Be7 13. c3 Bb7 14. O-O c5 15. Qg3 O-O 16. Kh1 c4 17. Bc2 Rad8 18.
Rae1 Rfe8 19. Bc1 b4 20. cxb4 Nxb4 21. Nf6+ Bxf6 22. exf6 g6 23. Qh4 h5 24. Qg5 Nxc2 25. Qh6 Bxg2+ 26. Kxg2 Qc6+ 27. Kh3 Rd3+ 28. Be3 Rxe3+ 29.
Rxe3 Qg2+ 30. Kxg2 Nxe3+ 31. Kf3 Nf5 32. Qg5 Rd8 33.
Re1 Rd3+ 34. Kf2 Kh7 35. Qg2 Rd5 36. Re5 Rd2+ 37. Re2 Rd5 38. Qe4 Nd6 39. Qc2 Rd3 40.
Re3 Rd4 41. Kf3 Nf5 42. Ra3 Rd6 43. Qxc4 Nd4+ 44. Kf2 Nb5 45. Rxa6 Rxa6 46. Qxb5 Rxa2 47. Qd7 Rxb2+ 48. Ke3 Rb3+ 49. Ke4 Rb4+ 50. Ke5 1-0

[Event "*** Titled Tuesday Blitz"]
[Site "Chess.com"]
[Date "2020.04.28"]
[Round "7"]
[White "mc4chess"]
[Black "avantage_ru"]
[Result "0-1"]
[WhiteElo "2413"]
[BlackElo "2637"]
[TimeControl "180+1"]
[EndTime "11:18:57 PDT"]
[Termination "avantage_ru won by resignation"]

1. e4 c5 2. Nf3 d6 3. Bb5+ Bd7 4. Bxd7+ Qxd7 5. O-O Nf6 6. Qe2 Nc6 7. Rd1 Rc8 8. c3 e6 9. d4 cxd4 10. cxd4 d5 11. Nc3 dxe4 12. Nxe4 Nd5 13. a3 Be7 14. Rd3 O-O 15. Bg5 f6 16. Bd2 b6 17. Re1 Rfe8 18. Nc3 Bf8 19. h3 Nxc3 20. Bxc3 Qd5 21. Re3 Kf7 22.
Qd3 g6 23. Re4 Bg7 24. Qe3 b5 25. Rf4 Kg8 26. Re4 Kf7 27. Rf4 f5 28. Rh4 Kg8 29.
Ng5 h6 30. Nf3 g5 31. Rh5 a5 32. Nxg5 hxg5 33. Rxg5 Rc7 34. Qg3 Rf7 35. Kh1 b4 36. axb4 axb4 37. Bd2 Nxd4 38. Bf4 Nc6 39. Rg6 Kh7 40. Qg5 Rh8 41. f3 Kg8 42. Rc1 Rh7 43. Qg3 b3 44. Re1 Re7 45. Bh6 f4 46. Qg4 Qf5 47.
Qxf5 exf5 48. Rxe7 Nxe7 49. Bxg7 Nxg6 50. Bc3 Rd7 0-1

[Event "*** Titled Tuesday Blitz"]
[Site "Chess.com"]
[Date "2020.04.28"]
[Round "7"]
[White "Stewie_89"]
[Black "atalz0"]
[Result "1-0"]
[WhiteElo "2626"]
[BlackElo "2429"]
[TimeControl "180+1"]
[EndTime "11:18:57 PDT"]
[Termination "Stewie_89 won by resignation"]

1. e4 d5 2. exd5 Nf6 3. Bb5+ Bd7 4. Be2 Nxd5 5. d4 Bf5 6. a3 e6 7. c4 Nf6 8. Nc3 Be7 9. Nf3 O-O 10. h3 Ne4 11.
Nxe4 Bxe4 12. Be3 Nc6 13. Qd2 b6 14. O-O Bf6 15. Rad1 Qe7 16. Ng5 Bxg5 17. Bxg5 f6 18.
Be3 Rad8 19. Qc3 Kh8 20. b4 Nb8 21. c5 Bd5 22. Bd3 f5 23. Bf4 Nc6 24. Bb1 Rd7 25. b5 Na5 26. c6 Rdd8 27. Bd3 Rf7 28. Be5 Bb3 29. Rb1 Bd5 30. Rbe1 Qg5 31. f3 h5 32. Kh2 h4 33. Re2 f4 34. Bb1 Qg3+ 35.
Kg1 Nc4 36. Qd3 Rf5 37. Qc3 Nxe5 38. Bxf5 Nxf3+ 39. Rxf3 Bxf3 40. Qxf3 Qxf3 41. gxf3 exf5 42. Re7 Rxd4 43. Rxc7 Rd1+ 44. Kf2 Rd2+ 45. Ke1 Rd3 46. Rd7 Rxf3 47. c7 Re3+ 48. Kf2 Rc3 49. Rd8+ Kh7 50.
c8=Q Rxc8 1-0

[Event "*** Titled Tuesday Blitz"]
[Site "Chess.com"]
[Date "2020.04.28"]
[Round "7"]
[White "PavelChernomordik"]
[Black "DenishevM"]
[Result "0-1"]
[WhiteElo "2407"]
[BlackElo "2559"]
[TimeControl "180+1"]
[EndTime "11:18:57 PDT"]
[Termination "DenishevM won by resignation"]

1. e4 Nf6 2. Nc3 d5 3. e5 Nfd7 4. f4 c5 5. Nf3 Nc6 6. g3 e6 7. Bg2 Rb8 8. O-O b5 9. Qe2 b4 10. Nd1 Be7 11. d3 a5 12. Be3 Nb6 13. Nf2 O-O 14.
c3 bxc3 15. bxc3 Na4 16. Qc2 Nb6 17. d4 Nc4 18. Bc1 cxd4 19. Nxd4 Qb6 20. Rd1 Nxd4 21. cxd4 Bd7 22. f5 Rfc8 23. Qd3 Nb2 24. Bxb2 Qxb2 25. f6 gxf6 26. Rab1 Qxa2 27. Rxb8 Rxb8 28. Ng4 f5 29. Nf6+ Bxf6 30. exf6 Rb2 31. Bf1 Qb3 32. Qxb3 Rxb3 33. Rc1 Rb7 34. Rc5 Ra7 35. Bb5 Bxb5 36. Rxb5 h5 37. Kf2 a4 38. Rb2 a3 39. Ra2 Kh7 40. Ke3 Kg6 41. Kf4 Kxf6 42. h4 Ra4 43. Ke3 f4+ 44. gxf4 Kf5 45. Kd3 f6 46. Kc3 Kxf4 47. Rf2+ Kg4 48. Kb3 a2 49. Rxa2 Rxa2 50. Kxa2 Kxh4 51.
Kb3 Kg3 52. Kb4 h4 53. Kc5 h3 54. Kd6 h2 55. Kxe6 h1=Q 56. Kxf6 Qe4 0-1

[Event "*** Titled Tuesday Blitz"]
[Site "Chess.com"]
[Date "2020.04.28"]
[Round "7"]
[White "GMJustin"]
[Black "jaskol95"]
[Result "0-1"]
[WhiteElo "2394"]
[BlackElo "2278"]
[TimeControl "180+1"]
[EndTime "11:18:58 PDT"]
[Termination "jaskol95 won on time"]

1. d4 Nf6 2. c4 g6 3. Nc3 d5 4. cxd5 Nxd5 5. e4 Nxc3 6. bxc3 Bg7 7. Bg5 O-O 8. Rc1 c5 9. Nf3 Qc7 10. Qd2 Nc6 11. d5 Ne5 12. Nxe5 Qxe5 13. Bd3 e6 14.
Be7 exd5 15. Bxf8 Bxf8 16. f4 Qe8 17. Qe2 dxe4 18. Qxe4 Qxe4+ 19. Bxe4 Be6 20. Bxb7 Rb8 21. Bf3 Bxa2 22. c4 Bg7 23. O-O Bb2 24. Rc2 Bd4+ 25.
Kh1 Bb3 26. Rb1 a5 27. Ra2 Re8 28. Rxa5 Bxc4 29. Ra8 Rxa8 30. Bxa8 Bd3 31. Rb8+ Kg7 32. g3 c4 33. Rc8 c3 34. Kg2 c2 35. Kf3 Bf5 36.
Be4 Bxc8 37. Bxc2 Bf6 38. Be4 h5 39. h4 Bg4+ 40. Kf2 Kf8 41. Kg2 Ke7 42. Kf2 Bd4+ 43. Kg2 Bf5 44. Bxf5 gxf5 45. Kf3 Kf6 46. Ke2 Ke6 47.
Kf3 Kd5 48. Ke2 Ke4 49. Kf1 Kf3 50. Ke1 Kxg3 0-1

[Event "*** Titled Tuesday Blitz"]
[Site "Chess.com"]
[Date "2020.04.28"]
[Round "7"]
[White "suyu28"]
[Black "viditchess"]
[Result "0-1"]
[WhiteElo "2597"]
[BlackElo "2893"]
[TimeControl "180+1"]
[EndTime "11:18:59 PDT"]
[Termination "viditchess won by checkmate"]

1. d4 Nf6 2. c4 e6 3. Nf3 d5 4.
g3 Bb4+ 5. Bd2 Be7 6. Bg2 O-O 7.
O-O c6 8. Qc2 Nbd7 9. Rd1 a5 10.
Bf4 Nh5 11. Bc1 f5 12. Ne5 Qe8 13. Nd2 g5 14. Ndf3 g4 15. Ne1 Nxe5 16. dxe5 f4 17. Nd3 f3 18. exf3 gxf3 19. Bf1 Qg6 20. Kh1 Bd7 21.
Qc3 Qg4 22. Nf4 Nxf4 23. Bxf4 Rxf4 24. gxf4 Kh8 25. h3 Qxf4 26. Qd4 Qf7 27. Bd3 Qh5 28. Qg4 Qxg4 29. hxg4 Bh4 30. cxd5 cxd5 31. Be4 Rf8 32. Bd3 Bxf2 33. Kh2 Bd4 34. Kg3 Bxe5+ 35. Kf2 Bxb2 36. Rab1 Bd4+ 37. Kg3 Be5+ 38. Kf2 Bc6 39. Rh1 Rf7 40. g5 Bd4+ 41. Kg3 Kg8 42. Rbf1 e5 43. Bc2 e4 44. Bb3 Be5+ 45. Kg4 Rf4+ 46. Kh5 Be8+ 47. Kh6 Bg7# 0-1

[Event "*** Titled Tuesday Blitz"]
[Site "Chess.com"]
[Date "2020.04.28"]
[Round "7"]
[White "Balla_Tamas"]
[Black "Nikolakis2014"]
[Result "1-0"]
[WhiteElo "2558"]
[BlackElo "2701"]
[TimeControl "180+1"]
[EndTime "11:18:59 PDT"]
[Termination "Balla_Tamas won by resignation"]

1. e4 c5 2. d3 Nc6 3. g3 e6 4.
Bg2 d5 5. f4 d4 6. e5 Nge7 7. Nd2 Nd5 8. Ne4 Be7 9. c4 dxc3 10.
bxc3 O-O 11. Ne2 b5 12. a4 bxa4 13. Qxa4 Bb7 14. O-O Nb6 15. Qc2 a5 16. Be3 Nd5 17. Bf2 Rc8 18. Rfb1 Ba6 19. Bxc5 Bxc5+ 20. Nxc5 Ne3 21.
Qd2 Nxg2 22. Nxa6 Qd5 23. Nc1 Qd7 24. Nc5 Qd5 25. Nb7 Nb4 26. cxb4 Ne1 27. Qxe1 Rc2 28. Ne2 Qf3 29. Qf2 Qxb7 30. bxa5 Qa6 31. Qe3 h5 32.
Rb6 Qa8 33. a6 Rfc8 34. a7 R2c7 35. Rba6 Rb7 36. Kf2 Rb2 37. Qf3 Rb7 38. R6a2 g6 39. Nd4 Rcc7 40. Nc6 Kg7 41. Na5 Rxa7 42. Qxa8 Rxa8 43.
Nc4 Rb8 44. Rc2 Rd8 45. Rd1 Rcd7 46. Rcd2 Rd4 47. Ne3 h4 48. Ng2 h3 49. Ne3 Ra4 50. Kf3 Ra3 51. Ng4 Rc8 52. Nf2 Rcc3 53. Nxh3 Rcb3 54.
Nf2 Rb4 55. Ne4 Rd4 56. Nd6 Rd5 57. Ke3 Ra4 58. Ne4 g5 59. Nc3 Kg6 60. Nxd5 exd5 61. d4 Ra3+ 62. Rd3 Ra4 1-0

[Event "*** Titled Tuesday Blitz"]
[Site "Chess.com"]
[Date "2020.04.28"]
[Round "7"]
[White "Vincent_Vega95"]
[Black "StegariuVlad"]
[Result "0-1"]
[WhiteElo "2676"]
[BlackElo "2535"]
[TimeControl "180+1"]
[EndTime "11:18:59 PDT"]
[Termination "StegariuVlad won on time"]

1. d4 Nf6 2. c4 e6 3. Nc3 d5 4. cxd5 Nxd5 5. e3 c5 6. Bd3 Nc6 7. Nf3 cxd4 8. exd4 Be7 9. O-O O-O 10. a3 Nxc3 11.
bxc3 b6 12. Re1 Bb7 13. Qc2 g6 14. Bh6 Re8 15. Qd2 Bf8 16. h4 Rc8 17. h5 Qd5 18. hxg6 hxg6 19. Bxf8 Rxf8 20. Be4 Qh5 21. g3 Na5 22.
Kg2 Nb3 23. Qd1 Bxe4 24. Rxe4 Nxa1 25. Rh4 Qf5 26. Qh1 Qf6 27. Ne5 Rxc3 28. Qxa1 Rc7 29. Ng4 Qg5 30. Ne3 Kg7 31. d5+ e5 32. d6 Rd7 33.
Qh1 Rxd6 34. Ng4 Rg8 35. Rh7+ Kf8 36. Nh6 Rg7 37. Rh8+ Ke7 38. Qe1 Rd2 39. Qe4 Qf6 40. Qb7+ Rd7 41. Qc8 Kd6 42. Re8 Rh7 43. Ng4 Qf5 44.
Qb8+ Kc6 45. Nxe5+ Kb5 0-1

[Event "*** Titled Tuesday Blitz"]
[Site "Chess.com"]
[Date "2020.04.28"]
[Round "7"]
[White "Berardino"]
[Black "vaishali2001"]
[Result "1-0"]
[WhiteElo "2675"]
[BlackElo "2501"]
[TimeControl "180+1"]
[EndTime "11:18:59 PDT"]
[Termination "Berardino won on time"]

1. e4 e5 2. Bc4 Nf6 3. d3 Nc6 4. Nc3 Na5 5. Qf3 d6 6. Nge2 Be7 7. O-O Nxc4 8. dxc4 Be6 9. b3 O-O 10.
Ng3 c6 11. Nf5 Bxf5 12. Qxf5 Qc8 13. Qxc8 Raxc8 14. Rd1 Rfd8 15. Be3 b5 16. f3 bxc4 17. bxc4 Rd7 18. Rab1 Bd8 19. Kf1 Ba5 20. Na4 h6 21. Ke2 Rcd8 22. Rb3 Kf8 23. Rdb1 Ke7 24. Rb7 Rxb7 25.
Rxb7+ Rd7 26. Rxa7 Rxa7 27. Bxa7 d5 28. cxd5 cxd5 29.
Bb6 Bxb6 30. Nxb6 dxe4 31. fxe4 Nxe4 32. a4 Kd6 33. Nc4+ Kd5 34. Ne3+ Kc5 35. Nf5 g6 36. Nxh6 Nd6 37. h4 Kb4 38. Ng4 Kxa4 39. Nxe5 Kb4 40. g4 Kc3 41. h5 gxh5 42. gxh5 Kxc2 43.
h6 f6 44. h7 fxe5 45. h8=Q Nc4 46. Qc8 Kc3 47. Qc5 e4 48. Qc6 e3 49. Qc5 1-0

[Event "*** Titled Tuesday Blitz"]
[Site "Chess.com"]
[Date "2020.04.28"]
[Round "7"]
[White "SoltaniciR"]
[Black "Vaathi_Coming"]
[Result "0-1"]
[WhiteElo "2587"]
[BlackElo "2856"]
[TimeControl "180+1"]
[EndTime "11:19:01 PDT"]
[Termination "Vaathi_Coming won on time"]

1. e4 c5 2. Nf3 Nc6 3. Nc3 e5 4. Bc4 Be7 5. d3 d6 6. Nd2 Nf6 7. Nf1 Nd7 8. Ne3 Nb6 9. O-O O-O 10. Ned5 Kh8 11. f4 f5 12. Nxb6 axb6 13. Nd5 b5 14.
Bxb5 Nd4 15. Bc4 b5 16. Nxe7 bxc4 17. Nxc8 cxd3 18. Qxd3 Qxc8 19. fxe5 fxe4 20. Rxf8+ Qxf8 21. Qxe4 Re8 22. Bd2 Rxe5 23. Qd3 Re2 24. Rf1 Qa8 25. Rf2 Rxf2 26. Kxf2 Qxa2 27. Bc3 Qf7+ 28. Kg1 Nf5 29. g4 Nh4 30. Qxd6 Qe8 31. Kf2 Ng6 32. Qxc5 Nf4 33.
Kf3 Ne6 34. Qe5 Qf7+ 35. Kg3 h6 36. b4 Ng5 37. Qe3 Qc4 38. Qd4 Qxc3+ 39. Qxc3 Ne4+ 40. Kf4 Nxc3 41. Ke5 Kh7 42. Kd4 Nb5+ 43. Kc5 Nc3 0-1